Map: 16 bits EC

Players

HoldTheDoor - Winner!

  • Race: Protoss Protoss
  • League: Diamond
  • Spawn Location: 1:00

Minimax

  • Race: Protoss Protoss
  • League: Platinum
  • Spawn Location: 7:00

VOD

Have the link to the VOD?

Description

Time

  • Played on: July 15, 2018, 11:42 a.m.
  • Length: 18:07
Show
View Real Time Build Order
Export as new Build Order

HoldTheDoor Protoss - Winner!

Build Orders:  

Get SALT Encoding   

  12  0:00  Probe  
  13  0:13  Probe  
  14  0:18  Pylon  
  14  0:25  Probe  
  15  0:36  Probe  
  15  0:38  Gateway  
  16  0:45  Probe  
  16  0:46  Assimilator  
  17  0:55  Probe  
  17  0:56  Assimilator  
  18  1:07  Probe  
  19  1:19  Probe  
  20  1:29  Cybernetics Core  
  20  1:32  Probe  
  21  1:34  Pylon  
  21  1:44  Probe  
  22  1:53  Pylon  
  22  1:56  Probe  
  23  2:05  Stalker  
  25  2:09  Stargate  
  25  2:12  Probe  
  26  2:21  Protoss Air Weapons Level 1  
  26  2:25  Probe  
  28  2:37  Probe  
  28  2:44  Stalker  
  28  2:49  Probe  
  31  3:01  Nexus  
  31  3:06  Void Ray  
  35  3:22  Pylon  
  35  3:23  Probe  
  36  3:32  Stalker  
  38  3:35  Probe  
  39  3:43  Pylon  
  39  3:47  Shield Battery  
  39  3:59  Void Ray  
  43  4:05  Probe  
  44  4:11  Stalker  
  46  4:17  Probe  
  46  4:20  Probe  
  48  4:31  Probe  
  48  4:32  Probe  
  50  4:39  Assimilator  
  50  4:40  Shield Battery  
  50  4:43  Assimilator, Pylon  
  50  4:51  Void Ray, Protoss Air Armor Level 1  
  54  4:54  Probe  
  54  4:56  Probe  
  56  5:06  Probe  
  57  5:08  Probe  
  58  5:22  Fleet Beacon  
  58  5:27  Forge  
  58  5:31  Stalker  
  58  5:32  Probe  
  58  5:33  Probe  
  62  5:37  Protoss Shields Level 1  
  62  5:43  Pylon  
  62  5:46  Void Ray  
  62  5:49  Probe  
  67  5:52  Probe  
  68  5:57  Pylon  
  68  6:01  Probe  
  69  6:08  Graviton Catapult  
  69  6:09  Probe  
  70  6:18  Cybernetics Core  
  70  6:19  Stalker  
  70  6:21  Protoss Air Weapons Level 2, Probe  
  73  6:28  Pylon, Carrier  
  79  7:06  Pylon  
  79  7:08  Gateway  
  79  7:11  Forge  
  79  7:14  Warp Gate  
  79  7:16  Pylon  
  79  7:26  Protoss Ground Weapons Level 1  
  79  7:38  Pylon  
  79  7:44  Stargate  
  79  7:46  Stargate  
  79  7:51  Pylon  
  79  7:53  Nexus  
  79  8:00  Stalker x2  
  83  8:08  Probe x2  
  83  8:09  Photon Cannon  
  83  8:12  Photon Cannon  
  85  8:16  Photon Cannon  
  85  8:26  Pylon  
  85  8:28  Probe x2  
  85  8:29  Pylon  
  87  8:34  Assimilator  
  87  8:36  Carrier  
  87  8:37  Assimilator  
  93  8:52  Carrier  
  99  8:58  Protoss Air Weapons Level 3  
  99  9:03  Probe  
  99  9:04  Probe  
  99  9:07  Probe  
  99  9:09  Carrier  
  108  9:22  Probe  
  109  9:31  Pylon  
  109  9:32  Stalker x2  
  109  9:35  Pylon  
  109  9:38  Protoss Ground Armor Level 1  
  113  9:41  Twilight Council  
  113  9:52  Carrier  
  113  9:53  Probe x2  
  113  9:54  Probe  
  122  10:10  Robotics Facility  
  122  10:18  Pylon  
  122  10:22  Photon Cannon  
  122  10:26  Photon Cannon  
  122  10:32  Carrier  
  128  10:37  Charge  
  128  10:42  Protoss Air Armor Level 2  
  128  10:46  Carrier  
  134  10:56  Probe  
  135  10:58  Probe x2  
  137  11:07  Zealot x2  
  141  11:16  Gateway x2  
  141  11:19  Pylon  
  141  11:24  Shield Battery, Probe x2  
  143  11:30  Void Ray  
  143  11:32  Protoss Ground Armor Level 2, Protoss Ground Weapons Level 2  
  147  11:43  Pylon  
  147  11:51  Gateway  
  147  11:54  Gateway  
  147  11:57  Gateway  
  147  12:01  Gateway  
  147  12:06  Void Ray  
  151  12:16  Void Ray  
  151  12:22  Void Ray  
  159  12:29  Pylon  
  159  12:34  Probe  
  159  12:36  Pylon  
  160  12:41  Mothership  
  168  12:49  Protoss Air Armor Level 3  
  168  12:53  Nexus  
  168  13:05  Void Ray  
  168  13:12  Void Ray  
  176  13:19  Observer  
  177  13:25  Void Ray  
  181  13:30  Pylon  
  181  13:33  Pylon  
  181  13:35  Pylon  
  181  13:37  Gateway  
  181  13:40  Gateway  
  181  13:45  Pylon  
  181  13:49  Assimilator, Probe x2  
  181  13:54  Assimilator  
  183  14:01  Observer  
  184  14:13  Zealot x4  
  184  14:14  Zealot x4  
  160  14:51  Zealot x2  
  160  14:52  Zealot x5  
  174  14:54  Void Ray x3  
  186  15:15  Photon Cannon  
  186  15:17  Photon Cannon  
  186  15:23  Stargate, Photon Cannon  
  186  15:25  Stargate  
  186  15:26  Photon Cannon  
  186  15:28  Stargate  
  186  15:30  Photon Cannon  
  186  15:34  Photon Cannon  
  186  15:37  Void Ray x2  
  194  15:43  Void Ray  
  194  15:44  Protoss Shields Level 2  
  198  16:11  Probe x2  
  200  16:28  Pylon  
  200  16:30  Pylon  
  200  16:33  Pylon  
  200  16:42  Pylon  
  200  16:49  Pylon  
  200  16:55  Pylon  
  200  17:00  Pylon  
  200  17:04  Pylon  
  186  17:53  Zealot x7  
Show
View Real Time Build Order
Export as new Build Order

Minimax Protoss 

Build Orders: Oracle Opening 

Get SALT Encoding   

  1  0:00  Probe  
  12  0:05  Probe  
  14  0:18  Pylon  
  14  0:22  Probe  
  15  0:36  Probe  
  15  0:40  Gateway  
  16  0:48  Probe  
  17  0:51  Assimilator  
  17  0:57  Assimilator, Probe  
  18  1:05  Probe  
  18  1:11  Pylon  
  19  1:15  Probe  
  20  1:27  Probe  
  20  1:30  Cybernetics Core  
  21  1:39  Probe  
  22  1:51  Probe  
  23  2:02  Nexus  
  23  2:07  Warp Gate  
  23  2:13  Stalker  
  25  2:24  Probe  
  26  2:30  Stargate  
  26  2:38  Shield Battery  
  26  2:40  Probe  
  27  2:52  Probe  
  28  3:05  Oracle, Gateway  
  28  3:08  Probe  
  32  3:20  Probe  
  32  3:21  Stalker  
  32  3:23  Probe  
  36  3:32  Probe  
  36  3:33  Pylon  
  37  3:35  Probe  
  38  3:42  Oracle, Gateway  
  38  3:44  Probe  
  38  3:47  Probe  
  43  3:56  Probe  
  43  3:59  Probe  
  45  4:02  Shield Battery  
  45  4:09  Probe  
  46  4:11  Probe  
  47  4:21  Probe  
  48  4:30  Probe  
  46  4:33  Probe  
  47  4:40  Stargate, Assimilator  
  47  4:42  Probe  
  47  4:45  Assimilator, Probe  
  49  4:47  Pylon x2  
  49  4:54  Probe  
  49  4:57  Probe  
  49  4:59  Void Ray  
  51  5:02  Forge  
  51  5:06  Probe  
  52  5:09  Probe  
  57  5:18  Void Ray, Probe  
  58  5:21  Probe  
  63  5:30  Probe  
  63  5:32  Void Ray  
  63  5:33  Probe  
  65  5:39  Fleet Beacon  
  69  5:48  Photon Cannon  
  69  5:54  Pylon  
  69  5:58  Pylon  
  69  6:01  Pylon  
  69  6:04  Pylon  
  69  6:07  Carrier  
  69  6:10  Nexus  
  69  6:14  Probe x2  
  71  6:26  Probe  
  71  6:27  Probe  
  71  6:28  Assimilator  
  71  6:31  Assimilator  
  79  6:34  Shield Battery  
  79  6:41  Pylon  
  79  6:42  Pylon  
  79  6:51  Photon Cannon, Carrier  
  79  6:52  Shield Battery  
  79  6:58  Probe x2  
  87  7:09  Graviton Catapult  
  87  7:10  Probe x2  
  90  7:22  Probe  
  90  7:23  Probe  
  90  7:25  Shield Battery  
  90  7:26  Shield Battery, Carrier  
  90  7:28  Shield Battery  
  90  7:29  Probe  
  92  7:32  Mothership  
  92  7:34  Probe  
  92  7:35  Probe  
  100  7:45  Probe  
  101  7:53  Probe  
  110  7:59  Carrier  
  110  8:03  Probe  
  111  8:07  Photon Cannon  
  111  8:11  Photon Cannon  
  117  8:20  Stargate  
  116  8:36  Protoss Air Weapons Level 1  
  116  8:39  Stargate  
  116  8:42  Carrier  
  116  8:50  Nexus  
  122  9:10  Protoss Shields Level 1  
  122  9:12  Probe x2  
  124  9:18  Assimilator  
  124  9:22  Assimilator  
  124  9:25  Pylon x2  
  124  9:28  Carrier  
  124  9:29  Pylon  
  124  9:34  Carrier  
  130  9:41  Pylon x2, Carrier  
  142  9:46  Photon Cannon  
  142  9:49  Carrier  
  142  9:51  Probe  
  143  9:54  Photon Cannon  
  143  9:57  Shield Battery x2  
  143  10:01  Photon Cannon  
  143  10:06  Probe x2  
  143  10:07  Probe, Photon Cannon  
  152  10:21  Probe x2  
  152  10:25  Protoss Air Weapons Level 2  
  154  10:37  Probe x3  
  154  10:40  Carrier  
  157  10:51  Carrier  
  169  11:05  Cybernetics Core  
  169  11:17  Stargate  
  169  11:23  Protoss Air Armor Level 1  
  169  11:28  Carrier  
  169  11:34  Photon Cannon  
  169  11:38  Photon Cannon, Carrier  
  181  11:47  Nexus  
  181  11:56  Photon Cannon  
  181  11:58  Photon Cannon  
  181  12:03  Stargate  
  181  12:14  Carrier  
  187  12:24  Pylon x2  
  187  12:26  Protoss Air Weapons Level 3  
  187  12:28  Assimilator  
  187  12:31  Carrier  
  187  12:32  Assimilator  
  187  12:34  Pylon  
  187  12:38  Pylon  
  187  12:42  Carrier  
  199  12:49  Twilight Council  
  199  13:14  Protoss Air Armor Level 2  
  199  13:17  Photon Cannon  
  199  13:19  Photon Cannon  
  199  13:20  Photon Cannon  
  199  13:23  Robotics Facility  
  199  13:36  Gateway x2  
  199  13:38  Gateway  
  199  13:40  Photon Cannon  
  199  13:42  Photon Cannon  
  199  13:46  Photon Cannon  
  154  14:38  Void Ray x4  
  102  14:39  Void Ray x2  
  100  15:10  Void Ray  
  100  15:11  Void Ray  
  100  15:15  Carrier  
  100  15:16  Void Ray  
  100  15:17  Photon Cannon  
  100  15:19  Photon Cannon  
  100  15:20  Photon Cannon  
  100  15:21  Void Ray x2, Photon Cannon  
  100  15:22  Shield Battery  
  100  15:23  Shield Battery  
  126  15:34  Protoss Shields Level 2  
  126  15:42  Carrier  
  126  15:47  Carrier  
  126  15:54  Carrier  
  138  15:58  Probe  
  145  16:06  Probe, Carrier  
  152  16:13  Stalker x3  
  152  16:14  Stalker  
  152  16:16  Probe  
  160  16:20  Stargate  
  160  16:21  Probe  
  162  16:33  Probe  
  162  16:36  Carrier  
  169  16:45  Probe  
  184  16:55  Dark Shrine  
  184  16:57  Probe  
  123  17:46  Stalker x5  
  123  17:47  Stalker  
Tags
 
Add a new tag
Caveats
  • Supply blocks, unpowered buildings, or Contaminate may cause inaccurate times.
  • Supply counts are checked every 10 seconds.